 Dungeon Crawl Stone Soup version 0.21-a0-513-gdcb3f5e (webtiles) character file.

74 Gildeon the Poker (level 3, -1/29 HPs)
             Began as a Demigod Warper on Dec 1, 2017.
             Slain by a gnoll (5 damage)
             ... on level 2 of the Dungeon.
             The game lasted 00:07:52 (1957 turns).

Gildeon the Poker (Demigod Warper)                  Turns: 1957, Time: 00:07:53

Health: -1/29      AC:  3    Str: 16    XL:     3   Next: 86%
Magic:  8/8        EV: 12    Int: 17    God:
Gold:   72         SH:  0    Dex: 15    Spells: 1/5 levels left

rFire    . . .     SeeInvis .   a - +0 spear
rCold    . . .     Gourm    .   (no shield)
rNeg     . . .     Faith    .   b - +0 leather armour
rPois    .         Spirit   .   (no helmet)
rElec    .         Reflect  .   (no cloak)
rCorr    .         Harm     .   (no gloves)
MR       .....                  (no boots)
Stlth    +.........             (no amulet)
HPRegen  0.09/turn              (no ring)
MPRegen  0.11/turn              (no ring)

@: no status effects
A: high mp 1
a: no special abilities


You were on level 2 of the Dungeon.
You were not hungry.

You visited 1 branch of the dungeon, and saw 2 of its levels.

You collected 72 gold pieces.

Inventory:

Hand Weapons
 a - a +0 spear (weapon)
Armour
 b - a +0 leather armour (worn)
Scrolls
 d - a scroll of blinking
 k - a scroll of fear
Potions
 e - a potion of curing
 g - a potion of agility {unknown}
 h - a potion of lignification {unknown}
 i - 2 potions of flight {unknown}
Books
 c - a book of Spatial Translocations

   Spells                             Type                      Level
   a - Blink                          Translocation                2
   b - Shroud of Golubria             Charms/Translocation         2
   c - Lesser Beckoning               Translocation                3
   d - Gell's Gravitas                Translocation                3
   e - Teleport Other                 Translocation                3
   f - Passage of Golubria            Translocation                4
Comestibles
 f - 2 bread rations
 j - a royal jelly
 l - 4 chunks of flesh


   Skills:
 - Level 1.7 Fighting
 + Level 4.0 Polearms
 - Level 0.8 Throwing
 - Level 0.8 Armour
 - Level 1.7 Dodging
 - Level 1.7 Spellcasting
 - Level 2.6 Translocations


You had one spell level left.
You knew the following spells:

 Your Spells              Type           Power        Failure   Level  Hunger
a - Blink                 Tloc           N/A          12%         2    ###....
b - Shroud of Golubria    Chrm/Tloc      #.........   22%         2    ###....


Dungeon Overview and Level Annotations

Branches:
Dungeon (2/15)


Innate Abilities, Weirdness & Mutations

You have an increased reservoir of magic. (+10% MP)


Message History

You hit the gnoll.
The gnoll is almost dead.
The gnoll closely misses you. The gnoll hits you with a halberd!
You hit the gnoll.
You kill the gnoll!
Your Polearms skill increases to level 4!
The gnoll hits you.
* * * LOW HITPOINT WARNING * * *
You feel better. The gnoll hits you.
You hit the gnoll but do no damage. The gnoll hits you.
You hit the gnoll but do no damage. The gnoll closely misses you.
You closely miss the gnoll. The gnoll hits you.
* * * LOW HITPOINT WARNING * * *
You closely miss the gnoll. The gnoll hits you but does no damage.
You closely miss the gnoll. The gnoll hits you.
* * * LOW HITPOINT WARNING * * *
You hit the gnoll.
The gnoll is lightly wounded.
The gnoll hits you.
You die...

.. ##. .. #... .. #...##
.. # #.. ..## .###. #..
..#####......
##..###..........#
##..#....# ####g.##..#
#...<.##.# ##.)@)....#
....#####.###..###..#..#
..........##..## .#
...#####.....### # .
###.....# ##)...#
#......# ..##...... ....
......


You could see a gnoll.

Vanquished Creatures
  3 gnolls (D:2)
  2 oozes (D:1)
  A worm (D:2)
  2 dart slugs (D:1)
  A ball python (D:1)
  A giant cockroach (D:1)
  4 goblins (D:1)
  2 hobgoblins (D:1)
  2 bats (D:1)
  5 frilled lizards (D:1)
  6 kobolds
  6 rats (D:1)
35 creatures vanquished.

Notes
Turn   | Place    | Note
-------+----------+-------------------------------------------
     0 | D:1      | Gildeon the Demigod Warper began the quest for the Orb.
     0 | D:1      | Reached XP level 1. HP: 17/17 MP: 5/5
    24 | D:1      | Reached skill level 2 in Polearms
   240 | D:1      | Reached XP level 2. HP: 12/24 MP: 7/7
   648 | D:1      | Reached skill level 3 in Polearms
   879 | D:1      | Reached XP level 3. HP: 12/29 MP: 8/8
  1301 | D:1      | Learned a level 2 spell: Blink
  1304 | D:1      | Learned a level 2 spell: Shroud of Golubria
  1950 | D:2      | Reached skill level 4 in Polearms
  1957 | D:2      | Slain by a gnoll

Vault maps used:
D:1:      ncdulo_smallfort
D:2:      old_standard_altar, nicolae_dithmenos_through_a_glass_darkly,
          chequers_temple_overflow_minitemple, first_bread

Skill      XL: |  1  2  3 |
---------------+----------+-----
Polearms       | 2 3 4 |  4.0
Fighting       | |  1.7
Throwing       | |  0.8
Armour         | |  0.8
Dodging        | |  1.7
Spellcasting   | |  1.7
Translocations | |  2.6

Action                   || total
-------------------------++-------
Melee: Spear             ||   120
Throw: Tomahawk          ||     5
       Throwing net      ||     1
  Use: Scroll            ||     4
       Potion            ||     1
 Stab: Sleeping          ||     3
       Distracted        ||     1
       Held in net/web   ||     1
  Eat: Bread ration      ||     1
Armor: Leather armour    ||    17
Dodge: Dodged            ||    52

Table legend:
 A = Spawn XP
 B = Non-spawn XP
 C = Spawn XP percentage of total XP
 D = Spawn monster count
 E = Non-spawn monster count
 F = Spawn count percentage of total count
 G = Total turns spent on level
                    A         B        C        D         E        F      G
               +---------+---------+-------+---------+---------+-------+---------
         Total |       0 |     107 |   0.0 |       0 |      35 |   0.0 |  1957
               +---------+---------+-------+---------+---------+-------+---------
           D:1 |       0 |      58 |   0.0 |       0 |      30 |   0.0 |  1689
           D:2 |       0 |      49 |   0.0 |       0 |       5 |   0.0 |   268
               +---------+---------+-------+---------+---------+-------+---------
